 Dungeon Crawl Stone Soup version bcrawl-1.40.2 (webtiles) character file.

Game seed: 1735450751518343699

93382 MisterOstroum the Ruffian (level 3, -1/22 HPs)
             Began as a Vine Stalker Fighter on Nov 14, 2023.
             Slain by Sigmund
             ... wielding a +2 scythe of protection
              (2 damage)
             ... on level 2 of the Dungeon.
             The game lasted 00:01:20 (1437 turns).

MisterOstroum the Ruffian (Vine Stalker Fighter)    Turns: 1437, Time: 00:01:21

Health: -1/22      AC:  6    Str: 24    XL:     3   Next: 25%
Magic:  4/4        EV:  9    Int:  8    God:
Gold:   199        SH:  0    Dex: 13    Spells: 2/2 levels left

rFire    . . .     GDR:     27% a - +0 dagger
rCold    . . .     SeeInvis .   (no shield)
rNeg     . . .     Gourm    .   m - +0 scale mail
rPois    .         Faith    .   (no helmet)
rElec    .         Spirit   .   (no cloak)
rCorr    .         Reflect  .   (no gloves)
MR       .....                  (no boots)
Stlth    ..........             (no amulet)
HPRegen  0.53/turn              (no ring)
MPRegen  0.09/turn              (no ring)

@: mighty
A: fangs 2, regeneration 1, no potion heal 3, rot immunity, strong jaws
a: no special abilities


You were on level 2 of the Dungeon.
You were not hungry.

You visited 1 branch of the dungeon, and saw 2 of its levels.

You collected 199 gold pieces.

Inventory:

Hand Weapons
 a - a +0 dagger (weapon)
Missiles
 d - 210 stones (quivered)
 f - 131 bolts
 n - 209 sling bullets
Armour
 b - a +0 medium shield
 m - a +0 scale mail (worn)
Jewellery
 h - an uncursed ring of resist corrosion {unknown}
 k - an uncursed amulet of magic regeneration {unknown}
Scrolls
 g - 2 scrolls of fear {unknown}
 i - 2 scrolls of identify {@r1}
 j - a scroll of amnesia {unknown}
 l - 4 scrolls of remove curse {unknown}
 o - a scroll of fog {unknown}
Potions
 c - 2 potions of might {@q3 !q}
 p - 2 potions of flight {unknown}
 q - a potion of curing {unknown}
Comestibles
 e - 2 rations {!d}


   Skills:
 - Level 2.7 Fighting
 - Level 2.4 Armour
 - Level 2.6 Shields
 + Level 3.5 Unarmed Combat


You had 2 spell levels left.
You didn't know any spells.
Your spell library was empty.

Dungeon Overview and Level Annotations

Branches:
Dungeon (2/12)

Altars:

Annotations:
D:2 Sigmund


Innate Abilities, Weirdness & Mutations

You have extremely sharp teeth.
Your natural rate of healing is unusually fast.
Potions cannot restore your health.
You are immune to rotting.
Your bites deal extra damage.


Message History

Press: ? - help, Shift-Dir - straight line, f/p - worm
Aim: a worm (lightly wounded)
Okay, then.
Throwing (i - inventory)
d - 214 stones (quivered)
Press: ? - help, Shift-Dir - straight line, f/p - worm
Aim: a worm You are feeling hungry.
You throw a stone.
The stone hits the worm but does no damage.
Throwing (i - inventory)
d - 213 stones (quivered)
Press: ? - help, Shift-Dir - straight line, f/p - worm
Aim: a worm You throw a stone.
The stone hits the worm but does no damage.
Throwing (i - inventory)
d - 212 stones (quivered)
Press: ? - help, Shift-Dir - straight line, f/p - worm
Aim: a worm You throw a stone.
The stone hits the worm but does no damage.
Throwing (i - inventory)
d - 211 stones (quivered)
Press: ? - help, Shift-Dir - straight line, f/p - worm
Aim: a worm You throw a stone.
The stone hits the worm.
The worm is lightly wounded.
You hit the worm. You bite the worm!
The worm is severely wounded.
You hit the worm.
You kill the worm!
Wield which item (- for none, * to show all)? (? for menu, Esc to quit)
m - a +0 dagger (weapon)
Adjust to which letter? (? for menu, Esc to quit)
a - a +0 dagger (weapon);
m - a +0 scale mail (worn)
Eating a chunk of flesh.
You eat the chunk of flesh.
This raw flesh tastes terrible.
HP restored.
p - 2 smoky orange potions You now have 185 gold pieces (gained 14).
There is an open door here.
You see here a +0 club.
There is an open door here.
You now have 199 gold pieces (gained 14).
There is an open door here.
Key pressed, stopping explore.
Things that are here:
a +0 club; a +0 chain mail You open the door.
A frilled lizard and Sigmund come into view.
Sigmund is wielding a +2 scythe of protection.
You have encountered a dangerous foe!
The frilled lizard hisses angrily.
No path to travel!
No path to travel!
No path to travel!
No path to travel!
No path to travel!
No path to travel!
No path to travel!
No path to travel!
No path to travel!
No path to travel!
No path to travel!
No path to travel!
No path to travel!
No path to travel!
No path to travel!
No path to travel!
Okay, then.
Really quaff
c - 3 potions of might {@q3 !q}?
You feel very mighty all of a sudden.
Sigmund says, "Look into my eyes."
The frilled lizard barely misses you.
Sigmund begins to cast a cantrip, but forgets the words!
There is an open door here.
You closely miss Sigmund. Your bite misses Sigmund.
The frilled lizard bites you but does no damage.
Sigmund barely misses you.
You hit Sigmund.
Sigmund is lightly wounded.
The frilled lizard bites you.
Sigmund gestures wildly while chanting.
Sigmund flickers and vanishes!
Deactivating autopickup; reactivate with Ctrl-A.
You hit something but do no damage. Your bite misses something.
The frilled lizard closely misses you. Something hits you.
You puncture something! The frilled lizard closely misses you.
You puncture something!
The frilled lizard bites you but does no damage.
Something hits you!
You closely miss something.
The frilled lizard bites you but does no damage.
You closely miss something. The frilled lizard barely misses you.
Something hits you.
You puncture something!
The frilled lizard bites you but does no damage.
You closely miss something. The frilled lizard barely misses you.
Something hits you!
* * * LOW HITPOINT WARNING * * *
You miss something.
The frilled lizard bites you but does no damage.
Something hits you.
You die...

#.......### .....#######.#####
#.##..#.###.......## ##.....#
###.#...#.##.........####..>##.#
...........+.........+.......#.#
###.#...#.##....?....####...##.#
#.##.##.# #.......# ##.###.#
#.......# #.....# ######.##
####.#### #.{l# #........ #.#
#@# #.###..## ..# ####.######
#.# #.## #.........# #.# #.#
#.##.####.# #.###.###
#.#...###.###........
#...........>.....###
#####.#...###.#########
..............# ########.######


You could see a frilled lizard.

Vanquished Creatures
  A worm (D:2)
  A leopard gecko (D:2)
  3 giant cockroaches
  6 goblins
  A hobgoblin (D:2)
  2 kobolds (D:1)
  A quokka (D:1)
  5 bats
  2 frilled lizards (D:1)
  3 rats (D:1)
25 creatures vanquished.

Notes
Turn   | Place    | Note
-------+----------+-------------------------------------------
     0 | D:1      | MisterOstroum the Vine Stalker Fighter began the quest for
                  | the Orb.
     0 | D:1      | Reached XP level 1. HP: 13/13 MP: 2/2
   341 | D:1      | Reached XP level 2. HP: 18/18 MP: 3/3
   461 | D:1      | Reached skill level 3 in Unarmed Combat
  1039 | D:2      | Reached XP level 3. HP: 22/22 MP: 4/4
  1425 | D:2      | Noticed Sigmund
  1436 | D:2      | HP: 1/22 [something (8)]
  1437 | D:2      | Slain by Sigmund

Skill      XL: |  1  2 |
---------------+-------+-----
Unarmed Combat | 3 |  3.5
Fighting       | |  2.7
Armour         | |  2.4
Shields        | |  2.6

Action                   || total
-------------------------++-------
Melee: Unarmed           ||    40
       Bite              ||     6
       Punch             ||     1
       Dagger            ||    19
Throw: Stone             ||    51
  Use: Potion            ||     1
  Eat: Chunk             ||     4
Armor: Scale mail        ||    24
Dodge: Dodged            ||    27
